AoeStats
← LM | TornardoBriese

Arabia

507605093Analyzed
1v1 RM · 13d ago on Sep 19, 2026· 21m 21s· 2 players
Game mode
Random Map
Map size
Tiny (2 player)
Population
200
Speed
Normal
Resources
Standard
Victory
Conquest
Starting age
Dark Age
Ending age
Imperial Age
RankedLock teamsTeams togetherTeam positionsShared explorationLock speedFull tech treeHidden civsTurbo modeCheats
Victory
Defeat
🇨🇭 Japanese · Switzerland
1119
+15
🇺🇸 Mongols · United States
1097
-15
_relyt_
6:45 Loom
9:23 Feudal Age
10:24 Double-Bit Axe
14:24 Horse Collar
20:19 Fletching
LM | TornardoBriese
6:09 Loom
9:39 Feudal Age
9:46 Man-at-Arms
12:41 Double-Bit Axe
18:37 Horse Collar
21:17 Castle Age
19:30 Stone Mining
Connection lost

Rejoining the realm…

Still unreachable

The connection could not be restored.

Session expired

The server has moved on; the page needs a fresh start.